 Dungeon Crawl Stone Soup version 0.21-a0-321-g91e3373 (webtiles) character file.

5831 nikopol the Thaumaturge (level 10, 0/52 HPs)
             Began as a Deep Elf Fire Elementalist on Sept 30, 2017.
             Was a Believer of Vehumet.
             Slain by a skeletal warrior
             ... wielding a +3 long sword
              (10 damage)
             ... on level 8 of the Dungeon.
             The game lasted 00:45:45 (10402 turns).

nikopol the Thaumaturge (DEFE)                     Turns: 10402, Time: 00:45:46

Health: 0/52       AC: 12    Str:  8    XL:     10   Next: 51%
Magic:  4/27       EV: 16    Int: 24    God:    Vehumet [**....]
Gold:   107        SH:  0    Dex: 15    Spells: 17/31 levels left

rFire    + . .     SeeInvis .   D - +0 dagger (venom)
rCold    . . .     Gourm    .   (no shield)
rNeg     . . .     Faith    .   L - +2 robe
rPois    .         Spirit   .   f - +0 helmet
rElec    .         Reflect  .   q - +1 cloak
rCorr    .         Harm     .   E - +2 pair of gloves {Dex+3}
MR       ++...                  K - +1 pair of boots
Stlth    ++++......             (no amulet)
HPRegen  0.17/turn              M - ring of Tender Moments {MR+ Str+3 Dex-3 Stlth+} (curse)
MPRegen  0.20/turn              x - ring of protection from fire

@: no status effects
A: no striking features
a: Renounce Religion


You were on level 8 of the Dungeon.
You worshipped Vehumet.
Vehumet was pleased with you.
You were very hungry.

You visited 2 branches of the dungeon, and saw 11 of its levels.

You collected 478 gold pieces.
You spent 371 gold pieces at shops.

Inventory:

Hand Weapons
 D - a +0 dagger of venom (weapon)
Armour
 f - a +0 helmet (worn)
 q - a +1 cloak (worn)
 u - a +1 cloak
 E - a +2 pair of gloves of dexterity (worn)
 K - a +1 pair of boots (worn)
 L - a +2 robe (worn)
Jewellery
 l - a +3 ring of dexterity
 x - a ring of protection from fire (right hand)
 M - the cursed ring of Tender Moments (left hand) {MR+ Str+3 Dex-3 Stlth+}
   (You found it on level 7 of the Dungeon)

   [ring of dexterity]

   It affects your strength (+3).
   It affects your dexterity (-3).
   It affects your resistance to hostile enchantments.
   It makes you more stealthy.
   It has a curse placed upon it.
Wands
 y - a wand of scattershot (3/9)
Scrolls
 g - 7 scrolls of identify
 h - 3 scrolls of fear {unknown}
 i - a scroll of blinking {unknown}
 k - a scroll of random uselessness {unknown}
 n - 4 scrolls of amnesia
 o - 2 scrolls of teleportation {unknown}
 p - a scroll of acquirement {unknown}
 t - 2 scrolls of enchant weapon {unknown}
 v - 2 scrolls of recharging {unknown}
 z - a scroll of remove curse {unknown}
 C - a scroll of magic mapping {unknown}
 F - a scroll of vulnerability {unknown}
 H - a scroll of torment {unknown}
 J - a scroll of immolation {unknown}
Potions
 a - a potion of ambrosia {unknown}
 d - 2 potions of haste {unknown}
 e - 2 potions of degeneration {unknown}
 r - 3 potions of heal wounds
 s - 2 potions of lignification {unknown}
 w - 2 potions of cancellation {unknown}
 A - 3 potions of curing
 G - a potion of flight {unknown}
Books
 b - a book of Flames

   Spells                             Type                      Level
   a - Flame Tongue                   Conjuration/Fire             1
   b - Throw Flame                    Conjuration/Fire             2
   c - Conjure Flame                  Conjuration/Fire             3
   d - Inner Flame                    Hexes/Fire                   3
   e - Sticky Flame                   Conjuration/Fire             4
   f - Fireball                       Conjuration/Fire             5
Comestibles
 c - 6 bread rations
 j - a royal jelly
 m - 4 meat rations
 B - 6 fruits


   Skills:
 + Level 1.2 Fighting
 + Level 0.8 Short Blades
 + Level 5.9 Dodging
 + Level 4.5 Stealth
 + Level 11.3 Spellcasting
 + Level 8.7 Conjurations
 + Level 9.8 Fire Magic
 + Level 2.1 Poison Magic
 + Level 2.2 Evocations


You had 17 spell levels left.
You knew the following spells:

 Your Spells              Type           Power        Failure   Level  Hunger
a - Flame Tongue          Conj/Fire      #####        1%          1    None
b - Throw Flame           Conj/Fire      ######       1%          2    None
c - Conjure Flame         Conj/Fire      ######..     1%          3    None
d - Fireball              Conj/Fire      ######....   2%          5    ####...
e - Sting                 Conj/Pois      ####         1%          1    None
f - Searing Ray           Conj           ######       1%          2    None


Dungeon Overview and Level Annotations

Branches:
Dungeon (10/15)            Temple (1/1) D:5
   Lair: D:8-11         Orc: D:9-12

Altars:
Ashenzari
Cheibriados
Dithmenos
Elyvilon
Fedhas
Gozag
Hepliaklqana
Kikubaaqudgha
Makhleb
Nemelex Xobeh
Okawaru
Qazlal
Ru
Sif Muna
Trog
Uskayaw
Vehumet
Xom
Yredelemnul
Zin
The Shining One

Shops:
D:4 !   D:6 [[[*


Message History

The flame tongue hits the skeletal warrior.
The skeletal warrior is severely damaged.
Casting: Flame Tongue
Confirm with . or Enter, or press ? or * to list all spells.
Aiming: Flame Tongue
Press: ? - help, Shift-Dir - straight line, f/p - skeletal warrior
Aim: a skeletal warrior, wielding an enchanted long sword (flame, severely damaged)
The flame tongue hits the skeletal warrior.
The skeletal warrior appears unharmed.
The skeletal warrior is severely damaged.
The skeletal warrior is engulfed in blazing flames.
The skeletal warrior hits you but does no damage.
Casting: Flame Tongue
Confirm with . or Enter, or press ? or * to list all spells.
Aiming: Flame Tongue
Press: ? - help, Shift-Dir - straight line, f/p - skeletal warrior
Aim: a skeletal warrior, wielding an enchanted long sword (flame, severely damaged)
The flame tongue misses the skeletal warrior.
The skeletal warrior hits you with an enchanted long sword!
You die...

####...................# #.# #
...................###.# #.####
#.##.#################.# #.#...
#.##.#.................# ##.#.##
#.##.#.#####.#.######### #....#
...............############..#.#
#.##.#.......................#.#
#.##.#######.###############.#.#
#.##............@z......[....####
......#(.......####.....)........
......#........# #.#############
......#........# #.......# #
......######.### #######.# #
......# #.# #.# # ......#
#.############.# # ......#
#..............# ......#
#############..#######


You could see a skeletal warrior.

Vanquished Creatures
  Erica (D:8)
  Pikel (D:5)
  Psyche (D:8)
  2 hippogriffs
  4 slime creatures
  Grum (D:8)
  3 orc warriors
  An ice beast (D:8)
  3 phantoms
  A sky beast (D:7)
  A hornet zombie (D:8)
  A black bear (D:8)
  2 wolves
  2 ogres
  A big kobold (D:8)
  Blork the orc (D:5)
  3 bullfrogs
  2 gnoll sergeants (D:5)
  3 scorpions
  6 wights
  2 crimson imps (D:8)
  2 centaur zombies
  3 quasits
  3 hounds
  Crazy Yiuf (D:5)
  2 orc priests
  A centaur skeleton (D:6)
  5 orc wizards
  Jessica (D:3)
  Natasha (thrice) (D:3)
  An iguana (D:6)
  4 worker ants
  A hound skeleton (D:4)
  A howler monkey skeleton (D:4)
  A worker ant zombie (D:5)
  3 gnolls (D:5)
  10 adders
  7 shadow imps
  An ooze (D:3)
  An adder zombie (D:5)
  3 adder skeletons
  2 worms
  11 dart slugs
  5 leopard geckos
  16 orcs
  A ball python (D:5)
  2 bats (D:1)
  3 bat zombies (D:5)
  2 giant cockroaches (D:1)
  5 goblins
  4 hobgoblins
  7 jackals
  7 kobolds
  A quokka (D:4)
  6 frilled lizards
  A quokka zombie (D:6)
  3 rats
  A rat zombie (D:5)
173 creatures vanquished.

Vanquished Creatures (others)
  2 slaves (D:5)
  A centaur (D:5)
  An orc wizard (D:4)
  A statue (D:5)
5 creatures vanquished.

Grand Total: 178 creatures vanquished

Notes
Turn   | Place    | Note
-------+----------+-------------------------------------------
     0 | D:1      | nikopol the Deep Elf Fire Elementalist began the quest for the Orb.
     0 | D:1      | Reached XP level 1. HP: 10/10 MP: 6/6
   192 | D:1      | Reached XP level 2. HP: 15/15 MP: 4/8
   646 | D:1      | Learned a level 2 spell: Throw Flame
   886 | D:2      | Found a stormy altar of Qazlal.
   916 | D:2      | Found a burning altar of Makhleb.
  1175 | D:3      | Reached XP level 3. HP: 19/19 MP: 6/10
  1176 | D:3      | Found a shattered altar of Ashenzari.
  1187 | D:3      | Learned a level 3 spell: Conjure Flame
  1232 | D:3      | Noticed Jessica
  1238 | D:3      | Killed Jessica
  1247 | D:3      | Reached skill level 4 in Spellcasting
  1247 | D:3      | Reached XP level 4. HP: 24/24 MP: 3/12
  1423 | D:3      | Noticed Natasha
  1435 | D:3      | Killed Natasha
  1457 | D:3      | Noticed Natasha
  1569 | D:3      | Found a white marble altar of Elyvilon.
  1974 | D:3      | Killed Natasha
  1974 | D:3      | Reached skill level 5 in Fire Magic
  1974 | D:3      | Reached XP level 5. HP: 5/28 MP: 5/13
  2259 | D:3      | Noticed Natasha
  2262 | D:3      | Killed Natasha
  2944 | D:4      | Noticed a phantom
  2951 | D:4      | Killed a phantom
  2951 | D:4      | Reached skill level 5 in Spellcasting
  2951 | D:4      | Reached XP level 6. HP: 19/32 MP: 7/15
  2958 | D:4      | Learned a level 5 spell: Fireball
  3427 | D:4      | Reached XP level 7. HP: 36/36 MP: 10/17
  3457 | D:4      | Found Onteur's Distillery.
  3464 | D:4      | Bought a potion of heal wounds for 55 gold pieces
  3464 | D:4      | Bought a potion of curing for 33 gold pieces
  3504 | D:4      | Found a snail-covered altar of Cheibriados.
  3597 | D:5      | Entered Level 5 of the Dungeon
  3621 | D:5      | Found an ancient bone altar of Kikubaaqudgha.
  3731 | D:5      | Reached skill level 6 in Spellcasting
  3783 | D:5      | Noticed Pikel
  3799 | D:5      | Killed Pikel
  3799 | D:5      | Reached skill level 7 in Spellcasting
  3799 | D:5      | Reached skill level 5 in Conjurations
  3799 | D:5      | Reached XP level 8. HP: 41/41 MP: 0/20
  4166 | D:5      | Found a staircase to the Ecumenical Temple.
  4187 | Temple   | Entered the Ecumenical Temple
  4368 | D:5      | Found an iron altar of Okawaru.
  4426 | D:5      | Noticed Blork the orc
  4431 | D:5      | Killed Blork the orc
  5127 | D:5      | Reached skill level 8 in Spellcasting
  5292 | D:5      | Found a radiant altar of Vehumet.
  5299 | D:5      | Became a worshipper of Vehumet
  5335 | D:5      | Found a runed door.
  5490 | D:5      | Noticed Crazy Yiuf
  5494 | D:5      | Killed Crazy Yiuf
  5585 | D:6      | Found Vyugriw's Antique Armour Emporium.
  5642 | D:6      | Found Xysox's Assorted Antiques.
  6059 | D:6      | Reached skill level 1 in Evocations
  6099 | D:6      | Found Cihiolisch's Antique Armour Shoppe.
  6204 | D:6      | Found a deep blue altar of Sif Muna.
  6310 | D:6      | Reached XP level 9. HP: 45/45 MP: 19/23
  6320 | D:6      | Found Tiechaxaho's Antique Armour Shop.
  6324 | D:6      | Bought an embroidered robe for 88 gold pieces
  6782 | D:6      | Found a bloodstained altar of Trog.
  6856 | D:7      | Reached skill level 9 in Spellcasting
  6895 | D:7      | Reached * piety under Vehumet
  6895 | D:7      | Offered knowledge of Sting by Vehumet.
  7013 | D:7      | You fall through a shaft for 3 floors!
  7013 | D:10     | Entered Level 10 of the Dungeon
  7423 | D:7      | Got a clouded turquoise ring
  7536 | D:7      | Found a sacrificial altar of Ru.
  7794 | D:8      | Learned a level 1 spell: Sting
  8166 | D:6      | Bought a pair of runed boots for 195 gold pieces
  8190 | D:6      | Identified the cursed ring of Tender Moments {MR+ Str+3 Dex-3 Stlth+} (You found it on level 7 of the Dungeon)
  8281 | D:8      | Noticed Psyche
  8289 | D:8      | Killed Psyche
  8289 | D:8      | Reached skill level 5 in Dodging
  8289 | D:8      | Reached skill level 1 in Poison Magic
  8393 | D:8      | Noticed Erica
  8573 | D:8      | Reached skill level 10 in Spellcasting
  8618 | D:8      | Reached skill level 1 in Fighting
  8635 | D:8      | Noticed Grum
  8955 | D:8      | Killed Grum
  8955 | D:8      | Reached XP level 10. HP: 52/52 MP: 13/26
  9404 | D:9      | Noticed a skeletal warrior
  9404 | D:9      | Noticed a skeletal warrior
  9406 | D:9      | Noticed a skeletal warrior
  9764 | D:9      | Reached ** piety under Vehumet
  9764 | D:9      | Offered knowledge of Searing Ray by Vehumet.
  9772 | D:9      | Learned a level 2 spell: Searing Ray
  9784 | D:9      | Reached skill level 11 in Spellcasting
 10056 | D:8      | Killed Erica
 10341 | D:9      | Noticed a skeletal warrior
 10402 | D:8      | Slain by a skeletal warrior

Vault maps used:
D:1:      minmay_arrival_checkered_box, hangedman_decor_points,
          minmay_tiny_reverse_x
D:2:      grunt_qazlal_sundering, old_standard_altar
D:3:      elyvilon_altar_1, nicolae_ashenzari_panopticon, first_bread,
          uniq_jessica, uniq_natasha
D:4:      cheibriados_altar_1, serial_shops, shop_fountains
D:5:      kennysheep_slugbush, vehumet_statue, lemuel_doored_altar,
          lemuel_zombie_altar_kikubaaqudgha, minmay_temple_entry_trees,
          sword_in_stone, uniq_crazy_yiuf_cottage, uniq_pikel
D:6:      led_sif_book, marbit_many_paths, serial_shops, shop,
          nicolae_shop_overgrown_old_shop, nicolae_shop_statue_plus, shop,
          hangedman_abyss_or_decor_passed, kennysheep_another_room,
          hangedman_decor_growths, minmay_misc_feat_pillars, minivault_27
D:7:      kennysheep_mini_moat
D:8:      uniq_grum, uniq_psyche, uniq_erica
D:9:      nicolae_overflow_crystal_walls
D:10:     david_lair_generic, enter_bailey_3, grunt_livestock, uniq_nergalle
Temple:   cyrus_temple_forest

Skill      XL: |  1  2  3  4  5  6  7  8  9 10 |
---------------+-------------------------------+-----
Fire Magic     | 4 5 6 8 9 |  9.8
Spellcasting   | 4 5 7 8 10 11 | 11.3
Conjurations   | 2 3 5 6 7 8 |  8.7
Stealth        | 3 4 |  4.5
Dodging        | 3 4 5 |  5.9
Evocations     | 1 2 |  2.2
Poison Magic   | 1 2 |  2.1
Fighting       | 1 |  1.2
Short Blades   | |  0.8

Action                   |  1- 3 |  4- 6 |  7- 9 | 10-12 || total
-------------------------+-------+-------+-------+-------++-------
Melee: Short sword       |       |    15 |    21 |       ||    36
       Dagger            |       |       |    20 |     5 ||    25
 Cast: Flame Tongue      |    49 |    94 |   307 |    61 ||   511
       Throw Flame       |       |     3 |    20 |     4 ||    27
       Conjure Flame     |       |     2 |    18 |     2 ||    22
       Fireball          |       |       |    11 |    25 ||    36
       Sting             |       |       |    22 |     9 ||    31
Evoke: Wand              |       |       |    24 |       ||    24
  Use: Scroll            |       |       |     3 |       ||     3
 Stab: Sleeping          |       |       |     2 |       ||     2
  Eat: Chunk             |     1 |     6 |    17 |     5 ||    29
       Royal jelly       |       |       |     1 |     1 ||     2
Armor: Robe              |     4 |     6 |    64 |    21 ||    95
Dodge: Dodged            |     8 |    25 |   126 |    37 ||   196

Table legend:
 A = Spawn XP
 B = Non-spawn XP
 C = Spawn XP percentage of total XP
 D = Spawn monster count
 E = Non-spawn monster count
 F = Spawn count percentage of total count
 G = Total turns spent on level
                    A         B        C        D         E        F      G
               +---------+---------+-------+---------+---------+-------+---------
         Total |       0 |    8331 |   0.0 |       0 |     174 |   0.0 | 10402
               +---------+---------+-------+---------+---------+-------+---------
           D:1 |       0 |      19 |   0.0 |       0 |      10 |   0.0 |   677
           D:2 |       0 |      12 |   0.0 |       0 |       6 |   0.0 |   435
           D:3 |       0 |     206 |   0.0 |       0 |      21 |   0.0 |  1719
           D:4 |       0 |     538 |   0.0 |       0 |      21 |   0.0 |  1053
           D:5 |       0 |    1567 |   0.0 |       0 |      39 |   0.0 |  1608
           D:6 |       0 |     872 |   0.0 |       0 |      18 |   0.0 |  1433
           D:7 |       0 |     647 |   0.0 |       0 |      16 |   0.0 |  1141
           D:8 |       0 |    3382 |   0.0 |       0 |      26 |   0.0 |  2122
           D:9 |       0 |    1088 |   0.0 |       0 |      17 |   0.0 |   127
               +---------+---------+-------+---------+---------+-------+---------
